 Dungeon Crawl Stone Soup version 0.24-a0-479-g9a978d2894 (webtiles) character file.

Game seed: 10188517353001951316

71678 MachJacob the Blocker (level 15, -5/115 HPs)
             Began as a Merfolk Warper on July 6, 2019.
             Was an Initiate of Gozag.
             Hit by a large rock thrown by a stone giant (27 damage)
             ... on level 2 of the Orcish Mines.
             The game lasted 03:06:47 (53098 turns).

MachJacob the Blocker (Merfolk Warper)             Turns: 53098, Time: 03:06:48

Health: -5/115     AC:  7    Str: 13    XL:     15   Next: 37%
Magic:  18/20      EV: 24    Int: 13    God:    Gozag
Gold:   4972       SH: 16    Dex: 18    Spells: 9/21 levels left

rFire    + . .     SeeInvis .   L - +4 trident (freeze) (curse)
rCold    + . .     Gourm    .   H - +0 shield {rN+}
rNeg     + . .     Faith    .   E - +1 leather armour {rC+}
rPois    .         Spirit   .   z - +1 hat
rElec    .         Reflect  +   Q - scarf {repulsion}
rCorr    .         Harm     .   O - +0 pair of gloves
MR       ++...                  (boots currently unavailable)
Stlth    ++........             S - +3 amulet of reflection
HPRegen  0.29/turn              l - ring of protection from magic
MPRegen  0.17/turn              i - ring of protection from fire

@: repel missiles, very quick
A: change form in water, swift swim, stealthy swim, horns 1, screaming 1,
subdued magic 1
a: Potion Petition, Call Merchant, Bribe Branch, Renounce Religion


You were on level 2 of the Orcish Mines.
You worshipped Gozag.
Gozag was most pleased with you.
You were not hungry.

You visited 4 branches of the dungeon, and saw 21 of its levels.
You also visited: Ossuary.

You collected 7656 gold pieces.
You spent 2108 gold pieces at shops.
You paid 576 gold pieces to Gozag.

Inventory:

Hand Weapons
 L - a cursed +4 trident of freezing (weapon)
   (You took it off a wight on level 12 of the Dungeon)
Missiles
 f - 5 boomerangs of dispersal {!f}
 o - 7 atropa-tipped darts
 A - 12 boomerangs
 D - 49 poisoned darts (quivered)
 M - 3 curare-tipped darts {!f}
 N - 3 throwing nets {!f}
 T - 9 javelins
Armour
 p - a +0 pair of boots (melded)
   (You found it on level 1 of the Dungeon)
 z - a +1 hat (worn)
   (You took it off Gastronok on level 2 of the Lair of Beasts)
 E - a +1 leather armour of cold resistance (worn)
   (You took it off an orc priest on level 8 of the Dungeon)
 H - a +0 shield of positive energy (worn)
   (You found it on level 6 of the Dungeon)
 O - a +0 pair of gloves (worn)
   (You found it on level 9 of the Dungeon)
 Q - a scarf of repulsion (worn)
   (You found it on level 9 of the Dungeon)
 U - a +0 leather armour of fire resistance
   (You took it off an orc on level 10 of the Dungeon)
Jewellery
 i - a ring of protection from fire (right hand)
   (You found it on level 2 of the Dungeon)
 l - a ring of protection from magic (left hand)
   (You found it on level 1 of the Dungeon)
 S - a +3 amulet of reflection (around neck)
   (You found it on level 10 of the Dungeon)
Wands
 a - a wand of polymorph (27)
   (You found it on level 1 of the Lair of Beasts)
 d - a wand of iceblast (17)
   (You found it on level 11 of the Dungeon)
 q - a wand of clouds (11)
   (You took it off a hobgoblin on level 3 of the Dungeon)
 t - a wand of flame (21)
   (You found it on level 11 of the Dungeon)
 u - a wand of paralysis (16)
   (You found it on level 6 of the Dungeon)
 v - a wand of digging (12)
   (You took it off an orc wizard on level 6 of the Dungeon)
 x - a wand of acid (2)
   (You found it on level 11 of the Dungeon)
Scrolls
 b - 4 scrolls of magic mapping
 c - 11 scrolls of teleportation {@r4}
 j - 11 scrolls of remove curse {@r2}
 k - 8 scrolls of enchant armour
 r - a scroll of amnesia
 w - 3 scrolls of fear
 y - 2 scrolls of enchant weapon
 F - 2 scrolls of fog
 G - a scroll of summoning
 J - 5 scrolls of immolation {!r}
 K - a scroll of torment {unknown}
 P - a scroll of brand weapon
 R - a scroll of vulnerability {unknown}
 W - 4 scrolls of blinking
 X - 2 scrolls of silence
Potions
 g - a potion of invisibility
 h - a potion of resistance
 m - 4 potions of might
 n - 4 potions of heal wounds {@q2}
 s - 5 potions of flight
 B - 4 potions of ambrosia
 C - 3 potions of cancellation
 I - 14 potions of curing {@q1}
 V - 5 potions of brilliance
 Y - 3 potions of mutation {!q}
Comestibles
 e - 3 rations {!d}


   Skills:
 - Level 10.0 Fighting
 - Level 14.0 Polearms
 - Level 5.0 Throwing
 + Level 7.4 Armour
 - Level 10.0 Dodging
 * Level 14.6 Shields
 + Level 3.7 Spellcasting
 - Level 8.0 Translocations
 * Level 6.1 Transmutations
 * Level 5.2 Ice Magic
 - Level 5.0 Evocations


You had 9 spell levels left.
You knew the following spells:

 Your Spells              Type           Power        Failure   Level  Hunger
a - Lesser Beckoning      Tloc           ###.......   2%          3    ###....
b - Blink                 Tloc           N/A          1%          2    ##.....
c - Teleport Other        Tloc           ###.....     2%          3    ###....
d - Ice Form              Ice/Tmut       ##......     22%         4    #####..

Your spell library contained the following spells:

 Spells                   Type           Power        Failure   Level  Hunger
 Beastly Appendage        Tmut           ##....       1%          1    #......
 Sticks to Snakes         Tmut           ##......     2%          2    ##.....
 Gell's Gravitas          Tloc           ###.......   2%          3    ###....
 Shroud of Golubria       Chrm/Tloc      #.....       6%          2    ##.....
 Passage of Golubria      Tloc           N/A          8%          4    #####..
 Passwall                 Tmut/Erth      #.......     10%         2    ##.....
 Ensorcelled Hibernation  Hex/Ice        #.....       12%         2    ##.....
 Spider Form              Tmut/Pois      #.........   19%         3    ###....
 Confusing Touch          Hex            #.....       22%         1    #......
 Corona                   Hex            #......      22%         1    #......
 Magic Dart               Conj           #...         22%         1    #......
 Sandblast                Erth           #.....       22%         1    #......
 Call Imp                 Summ           #.......     34%         2    ##.....
 Slow                     Hex            #.......     34%         2    ##.....
 Blade Hands              Tmut           ##........   47%         5    ######.
 Petrify                  Tmut/Erth      #.......     54%         4    #####..
 Confuse                  Hex            #.......     58%         3    ###....
 Conjure Flame            Conj/Fire      #.......     58%         3    ###....
 Dazzling Spray           Conj/Hex       #.....       58%         3    ###....
 Mephitic Cloud           Conj/Pois/Air  #.......     58%         3    ###....
 Stone Arrow              Conj/Erth      #.....       58%         3    ###....
 Tukima's Dance           Hex            #.......     58%         3    ###....
 Yara's Violent Unravell  Hex/Tmut       #.........   89%         5    ######.
 Metabolic Englaciation   Hex/Ice        #.........   93%         5    ######.
 Ozocubu's Refrigeration  Ice            ##........   99%         6    #######
 Bolt of Magma            Conj/Fire/Erth #.........   100%        5    ######.
 Iskenderun's Battlesphe  Conj/Chrm      #.......     100%        5    ######.
 Lee's Rapid Deconstruct  Erth           #.........   100%        5    ######.
 Venom Bolt               Conj/Pois      #.........   100%        5    ######.
 Bolt of Cold             Conj/Ice       #.........   100%        6    #######
 Freezing Cloud           Conj/Ice/Air   #.........   100%        6    #######
 Iron Shot                Conj/Erth      #.........   100%        6    #######
 Simulacrum               Ice/Necr       #.........   100%        6    #######
 Orb of Destruction       Conj           #.........   100%        7    #######
 Spellforged Servitor     Conj/Summ      #.........   100%        7    #######


Dungeon Overview and Level Annotations

Branches:
Dungeon (12/15)            Temple (1/1) D:5            Lair (6/6) D:11
 Shoals (0/4) Lair:3        Snake (0/4) Lair:2        Slime (0/5) Lair:6
    Orc (2/2) D:12            Elf (0/3) Orc:2

Altars:
Ashenzari
Cheibriados
Dithmenos
Elyvilon
Fedhas
Gozag
Hepliaklqana
Kikubaaqudgha
Makhleb
Nemelex Xobeh
Okawaru
Qazlal
Ru
Sif Muna
Trog
Uskayaw
Vehumet
Wu Jian
Xom
Yredelemnul
Zin
The Shining One
Beogh

Shops:
D:4 [   D:5 (   D:8 ::!}

Annotations:
D:3 exclusion: adder, Grinder
D:4 1 runed translucent door, Crazy Yiuf
D:9 exclusion: 2 doors
D:10 exclusion: 4 doors
Lair:2 exclusion: orange crystal statue
Lair:3 exclusion: door
Orc:2 2 exclusions


Innate Abilities, Weirdness & Mutations

You revert to your normal form in water.
You are very nimble and swift while swimming.
You are very stealthy in the water. (Stealth+)
You have a pair of small horns on your head.
You occasionally shout uncontrollably at your foes.
Your spells are a little easier to cast, but a little less powerful.


Message History

The stone giant hits you!!!
You hit the stone giant. You freeze the stone giant. You hit the stone giant.
You freeze the stone giant. The stone giant completely misses you.
You puncture the stone giant! You freeze the stone giant.
You puncture the stone giant! You freeze the stone giant.
You headbutt the stone giant, but do no damage.
The stone giant barely misses you.
You puncture the stone giant! You freeze the stone giant.
The stone giant misses you.
You puncture the stone giant! You freeze the stone giant.
You hit the stone giant. You freeze the stone giant.
The stone giant hits you!!!
* * * LOW HITPOINT WARNING * * *
You blink.
Your legs become a tail as you dive into the water.
Your +0 pair of boots melds into your body.
Floosh!
The stone giant throws a large rock.
The large rock is repelled.
Okay, then.
Aim: a stone giant (heavily wounded, chance to defeat MR: 14%)
Okay, then.
Quiver which item? (- for none, * to show all) (? for menu, Esc to quit)
Quivering
D - 53 poisoned darts for throwing.
Throwing (i - inventory. (/) - cycle)
D - 53 poisoned darts (quivered)
Aim: a stone giant (heavily wounded)
You throw a poisoned dart. The poisoned dart hits the stone giant.
Throwing (i - inventory. (/) - cycle)
D - 52 poisoned darts (quivered)
Aim: a stone giant (heavily wounded)
You throw a poisoned dart. The poisoned dart hits the stone giant.
The stone giant is poisoned.
The stone giant throws a large rock.
The large rock completely misses you.
Throwing (i - inventory. (/) - cycle)
D - 51 poisoned darts (quivered)
Aim: a stone giant (heavily wounded, poisoned)
You throw a poisoned dart. The poisoned dart hits the stone giant.
The stone giant looks even sicker.
The stone giant throws a large rock.
You reflect the large rock off an invisible shield around you!
The large rock hits the stone giant!
Throwing (i - inventory. (/) - cycle)
D - 50 poisoned darts (quivered)
Aim: a stone giant (severely wounded, poisoned)
You throw a poisoned dart. The poisoned dart hits the stone giant!
The stone giant looks as sick as possible!
The stone giant throws a large rock.
The large rock hits you!!
* * * LOW HITPOINT WARNING * * *
You hear a splash.
Okay, then.
You feel much better.
The stone giant throws a large rock.
The large rock hits you!!
You die...
Your body crumbles into a pile of gold.

#......##.........#.#...#........
.................#####.##........
##...........##...# #####......#
##.........#####C#### ##....##
#.........##..[....# ##..##
#####......###.......# ####
#.###......###.......#
............##≈≈≈≈≈≈≈#
#............#≈≈@≈≈≈≈#
#..._........#≈≈≈≈≈≈≈#
#......##......(..####
......[##..........##
......[.#####.......#
........###......#.##
.................###
##............####
#..............#


You could see a stone giant.

Vanquished Creatures
  Gastronok (Lair:2)
  6 hydras
  Harold (Lair:2)
  A catoblepas (Lair:6)
  7 two-headed ogres
  An ogre mage (D:12)
  Urug (D:12)
  An orc high priest (Orc:1)
  Nergalle (Lair:1)
  A lindwurm (Lair:2)
  Pikel (D:9)
  2 orc knights
  A wolf spider (Lair:6)
  3 orc sorcerers
  An ugly thing (D:11)
  2 cyclopes (D:12)
  5 black mambas
  A torpor snail (Lair:4)
  13 spiny frogs
  A gargoyle (D:12)
  3 rime drakes
  11 komodo dragons
  8 trolls
  9 polar bears (Lair:6)
  34 blink frogs
  11 hippogriffs
  6 dream sheep (Lair:4)
  3 raiju (Lair:6)
  5 slime creatures
  Sigmund (D:3)
  A shadow (D:12)
  55 yaks
  A wraith (D:12)
  5 basilisks
  4 steam dragons
  2 hungry ghosts
  16 wargs
  2 nagas (Lair:2)
  9 water moccasins
  2 acid dragons (D:12)
  Duvessa (D:6)
  12 hell hounds (Lair:6)
  5 porcupines
  25 orc warriors
  3 swamp drakes (Lair:6)
  4 ice beasts
  13 black bears
  2 phantoms
  7 sky beasts
  10 ogres
  24 wolves
  2 centaurs
  3 big kobolds
  13 crocodiles
  21 bullfrogs
  Dowan (D:6)
  25 killer bees
  5 scorpions
  9 wights
  4 howler monkeys
  3 electric eels (Lair:1)
  4 crimson imps
  3 bullfrog zombies
  2 centaur zombies (Ossuary)
  A human zombie (Ossuary)
  16 orc priests
  9 hounds
  2 bullfrog skeletons
  5 jellies
  13 orc wizards
  2 centaur skeletons (D:8)
  5 iguanas
  9 worker ants
  A big kobold zombie (Ossuary)
  2 mummies (Ossuary)
  A worker ant zombie (D:5)
  Robin (D:3)
  3 gnolls (D:6)
  2 howler monkey skeletons
  10 adders
  2 shadow imps
  An ooze (D:5)
  2 adder skeletons
  7 worms
  3 dart slugs
  8 leopard geckos
  83 orcs
  6 giant cockroaches
  15 hobgoblins
  8 jackals
  4 quokkas
  3 ball pythons
  6 bats
  7 frilled lizards
  10 goblins
  A goblin zombie (Ossuary)
  A hobgoblin zombie (Ossuary)
  16 kobolds
  2 orc zombies (Ossuary)
  A quokka skeleton (D:4)
  2 rats
  A fungus (Lair:6)
711 creatures vanquished.

Vanquished Creatures (others)
  A slave (D:9)
  An orc warrior (Orc:2)
  An orc (Orc:1)
  A kobold (D:11)
  17 fungi
  33 plants
54 creatures vanquished.

Grand Total: 765 creatures vanquished

Notes
Turn   | Place    | Note
-------+----------+-------------------------------------------
     0 | D:1      | MachJacob the Merfolk Warper began the quest for the Orb.
     0 | D:1      | Reached XP level 1. HP: 16/16 MP: 3/3
   162 | D:1      | Reached XP level 2. HP: 21/22 MP: 5/5
   176 | D:1      | Learned a level 2 spell: Blink
  1192 | D:1      | Reached XP level 3. HP: 28/28 MP: 6/6
  2549 | D:2      | Reached XP level 4. HP: 33/34 MP: 7/7
  3229 | D:3      | Found an opulent altar of Gozag.
  3237 | D:3      | Became a worshipper of Gozag Ym Sagoz the Greedy
  3265 | D:3      | Noticed Sigmund
  3319 | D:3      | Noticed Robin
  3379 | D:3      | Killed Robin
  3750 | D:3      | Reached XP level 5. HP: 27/39 MP: 8/8
  3758 | D:3      | Noticed Grinder
  4574 | D:3      | Found an ancient bone altar of Kikubaaqudgha.
  4659 | D:3      | Reached skill level 5 in Polearms
  5072 | D:2      | Found an iron altar of Okawaru.
  5148 | D:3      | Killed Sigmund
  5148 | D:3      | Reached XP level 6. HP: 27/47 MP: 9/9
  5333 | D:4      | Found Nyahy's Antique Armour Emporium.
  5449 | D:4      | Found a sand-covered staircase.
  5457 | Ossuary  | Entered an ossuary
  5739 | Ossuary  | Reached XP level 7. HP: 41/52 MP: 10/10
  6014 | D:4      | Found a runed translucent door.
  6015 | D:4      | Noticed Crazy Yiuf
  6656 | D:5      | Entered Level 5 of the Dungeon
  6996 | D:5      | Found Loaweha's Antique Weapon Emporium.
  7129 | D:5      | Learned a level 3 spell: Lesser Beckoning
  7418 | D:5      | Found a staircase to the Ecumenical Temple.
  7432 | Temple   | Entered the Ecumenical Temple
  8173 | D:6      | Reached skill level 5 in Dodging
  8173 | D:6      | Reached XP level 8. HP: 40/60 MP: 11/11
  9330 | D:6      | Reached skill level 5 in Translocations
  9789 | D:6      | Noticed Dowan
  9789 | D:6      | Noticed Duvessa
  9816 | D:6      | Killed Duvessa
  9820 | D:6      | Killed Dowan
 10179 | D:7      | Reached XP level 9. HP: 56/67 MP: 12/12
 10190 | D:7      | Reached skill level 5 in Fighting
 11039 | D:7      | Found a hazy altar of Hepliaklqana.
 11039 | D:7      | Found a blossoming altar of Fedhas.
 11042 | D:7      | Found a deep blue altar of Sif Muna.
 11160 | D:8      | Found Cohe's Book Boutique.
 11567 | D:7      | HP: 3/68 [poisoned by an orc wizard]
 11575 | D:7      | HP: 3/68 [poisoned by an orc wizard]
 11583 | D:7      | HP: 3/68 [poisoned by an orc wizard]
 11915 | D:8      | Reached skill level 10 in Polearms
 12012 | D:8      | Found Ivigheych's Gadget Shop.
 12144 | D:8      | Found Ocemm's Book Emporium.
 12167 | D:8      | Found Selog's Distillery.
 12459 | D:8      | Bought a potion of curing for 33 gold pieces
 12501 | D:8      | Reached skill level 5 in Throwing
 13904 | D:8      | Reached skill level 1 in Shields
 13904 | D:8      | Reached XP level 10. HP: 70/74 MP: 13/13
 14412 | D:9      | Found a blossoming altar of Fedhas.
 14718 | D:9      | Noticed Pikel
 14739 | D:9      | Killed Pikel
 15223 | D:9      | Found a shadowy altar of Dithmenos.
 15228 | D:9      | Found a bloodstained altar of Trog.
 15233 | D:9      | Found an iron altar of Okawaru.
 15296 | D:9      | Bought a ration for 65 gold pieces
 15296 | D:9      | Bought a ration for 65 gold pieces
 15296 | D:9      | Bought a ration for 65 gold pieces
 15296 | D:9      | Bought a ration for 65 gold pieces
 15296 | D:9      | Bought a ration for 65 gold pieces
 15296 | D:9      | Bought a ration for 65 gold pieces
 15296 | D:9      | Bought a ration for 65 gold pieces
 16507 | D:10     | Entered Level 10 of the Dungeon
 17837 | D:10     | Reached skill level 5 in Shields
 18063 | D:10     | Reached XP level 11. HP: 53/79 MP: 14/14
 20337 | D:11     | Noticed a brown ugly thing
 20376 | D:10     | Reached skill level 1 in Armour
 20376 | D:10     | Reached skill level 10 in Dodging
 20631 | D:11     | Found a staircase to the Lair.
 20799 | D:11     | Noticed a five-headed hydra
 21182 | D:11     | Learned a level 3 spell: Teleport Other
 21353 | Lair:1   | Entered Level 1 of the Lair of Beasts
 21414 | Lair:1   | Got a smoking mace
 23169 | Lair:1   | Reached skill level 1 in Evocations
 23809 | Lair:1   | HP: 2/83 [spiny frog (23)]
 24319 | Lair:1   | Reached XP level 12. HP: 55/89 MP: 15/15
 24998 | Lair:2   | Noticed Gastronok
 25916 | Lair:2   | Found a staircase to the Snake Pit.
 25993 | Lair:2   | Noticed Nergalle
 26024 | Lair:1   | Killed Nergalle
 26753 | Lair:2   | Noticed Harold
 26932 | Lair:2   | Reached skill level 10 in Shields
 27558 | Lair:2   | Found a white marble altar of Elyvilon.
 28224 | Lair:3   | Noticed a catoblepas
 28972 | Lair:1   | You fall into a shaft and drop 1 floor!
 29335 | Lair:2   | Killed Harold
 29591 | Lair:3   | Found a staircase to the Shoals.
 30681 | Lair:3   | Noticed a four-headed hydra
 30692 | Lair:3   | Killed a four-headed hydra
 30692 | Lair:3   | Reached XP level 13. HP: 45/98 MP: 16/16
 31982 | Lair:3   | Reached skill level 5 in Evocations
 32827 | D:9      | Bought a ration for 65 gold pieces
 32827 | D:9      | Bought a ration for 65 gold pieces
 32827 | D:9      | Bought a ration for 65 gold pieces
 32827 | D:9      | Bought a ration for 65 gold pieces
 32827 | D:9      | Bought a ration for 65 gold pieces
 32827 | D:9      | Bought a ration for 65 gold pieces
 32827 | D:9      | Bought a ration for 65 gold pieces
 32827 | D:9      | Bought a ration for 65 gold pieces
 34761 | Lair:4   | Reached skill level 5 in Armour
 35184 | Lair:5   | You fall into a shaft and drop 1 floor!
 35184 | Lair:6   | Entered Level 6 of the Lair of Beasts
 38791 | Lair:5   | Reached XP level 14. HP: 49/109 MP: 17/17
 39815 | Lair:6   | Reached skill level 10 in Fighting
 40029 | Lair:6   | Found a staircase to the Slime Pits.
 44592 | Lair:2   | Killed Gastronok
 44760 | D:8      | Bought a book of Geomancy for 385 gold pieces
 44760 | D:8      | Bought a book of Ice for 715 gold pieces
 44765 | D:8      | Learned a level 4 spell: Ice Form
 44888 | D:9      | Reached skill level 1 in Transmutations
 45489 | D:10     | Reached skill level 1 in Ice Magic
 46937 | D:12     | Found a staircase to the Orcish Mines.
 47431 | D:12     | Noticed Urug
 47488 | D:12     | Killed Urug
 48859 | D:12     | Reached XP level 15. HP: 105/115 MP: 19/19
 49357 | Orc:1    | Entered Level 1 of the Orcish Mines
 50089 | D:12     | Reached skill level 5 in Transmutations
 50372 | Orc:2    | Entered Level 2 of the Orcish Mines
 50380 | Orc:2    | Found a staircase to the Elven Halls.
 50813 | Orc:1    | Noticed an orc warlord
 52097 | Orc:2    | Found a roughly hewn altar of Beogh.
 52358 | Orc:2    | Gained mutation: You occasionally shout uncontrollably at
                  | your foes. [a neqoxec]
 52360 | Orc:2    | Gained mutation: Your spells are a little easier to cast,
                  | but a little less powerful. [a neqoxec]
 52380 | Orc:2    | Gained mutation: You have a pair of small horns on your
                  | head. [a neqoxec]
 52430 | Orc:1    | Reached skill level 5 in Ice Magic
 53097 | Orc:2    | HP: 5/115 [stone giant/large rock (27)]
 53098 | Orc:2    | Hit by a large rock thrown by a stone giant

Levels and vault maps discovered:
D:1:      nzn_arrival_water_spiral, layout_basic, serial_forest,
          infiniplex_forest_corner_1, infiniplex_forest_end_1,
          infiniplex_forest_clump_diagonal, infiniplex_forest_lined_room_3,
          infiniplex_forest_lined_room_2, infiniplex_forest_zigzag_1,
          fountainhead, grunt_decor_resistance
D:2:      layout_basic, okawaru_altar_gauntlet_db
D:3:      layout_basic, grunt_gozag_statues, nicolae_overflow_hidden_temple,
          portal_sewer_entry_d, uniq_sigmund, uniq_grinder, uniq_robin
D:4:      layout_loops_ring, serial_glass, glass_columns_a, glass_columns_b,
          glass_columns_c, glass_columns_a, serial_shops, shop_statue,
          nicolae_ossuary_entry_monument, bh_walls_and_bars,
          uniq_crazy_yiuf_cottage
D:5:      layout_rooms, minmay_temple_entry_tees, serial_shops,
          nicolae_shop_trees, first_ration, minmay_door_square,
          kennysheep_nondescript, kennysheep_generic_room_13
D:6:      layout_loops_ring, kennysheep_generic_room_16, uniq_duvessa
D:7:      layout_rooms, minitemple
D:8:      layout_basic, serial_shops, nicolae_shop_crystal,
          nicolae_shop_crystal, nicolae_shop_waterfront, nicolae_shop_trees
D:9:      layout_roguey, minmay_overflow_temple_star_quad, basic_altar,
          uniq_pikel
D:10:     layout_roguey
D:11:     layout_roguey, grunt_lair_entry_orc_guard_hut
D:12:     layout_loops_cross, hiddenorc1_lemuel, uniq_urug
Temple:   eino_temple_water
Lair:1:   layout_cave_pods, serial_bayou_shore_b, grunt_megastairs_2,
          lemuel_fruit_tree, serial_bayou_shore_a
Lair:2:   statuecave_lemuel, layout_chaotic_city,
          minmay_snake_entry_guardpost_small, basic_altar,
          minmay_stone_trees_medium, serial_bayou_shore_b, uniq_gastronok,
          uniq_nergalle, uniq_harold
Lair:3:   layout_chaotic_city, minmay_shoals_entry_hut, serial_bayou_shore_b
Lair:4:   layout_gridlike, grunt_megastairs_5
Lair:5:   layout_hall_layers, infiniplex_staircase_pool_2, grunt_megastairs_3
Lair:6:   guppyfry_lair_end_dragon, layout_big_grid,
          hangedman_lair_caniforms_friends, dpeg_slime_entry_corner,
          serial_bayou_shore_b, grunt_megastairs_4
Orc:1:    layout_caves, elf_legates
Orc:2:    pf_orc_diabolical, layout_diamond_mine, basic_altar, mines5_lemuel

Skill      XL: |  1  2  3  4  5  6  7  8  9 10 11 12 13 14 15 |
---------------+----------------------------------------------+-----
Dodging        | 3 4 5 6 7 9 10 | 10.0
Polearms       | 4 5 6 7 9 11 12 13 14 | 14.0
Translocations | 3 4 5 6 8 |  8.0
Fighting       | 3 4 5 6 8 9 10 | 10.0
Throwing       | 2 3 4 5 |  5.0
Shields        | 1 5 9 10 12 14 | 14.6
Armour         | 2 4 5 7 |  7.4
Evocations     | 1 4 5 |  5.0
Transmutations | 4 6 |  6.1
Ice Magic      | 3 5 |  5.2
Spellcasting   | 3 |  3.7

Action                   |  1- 3 |  4- 6 |  7- 9 | 10-12 | 13-15 || total
-------------------------+-------+-------+-------+-------+-------++-------
Melee: Spear             |   223 |   264 |   892 |  1396 |       ||  2775
       Tailslap          |       |       |       |     1 |    22 ||    23
       Trident           |       |       |       |   495 |  2943 ||  3438
       Headbutt          |       |       |       |       |    12 ||    12
Throw: Stone             |    53 |    17 |    12 |       |       ||    82
       Dart              |       |       |    88 |   238 |   166 ||   492
       Boomerang         |       |       |       |   140 |   208 ||   348
       Javelin           |       |       |       |       |    18 ||    18
 Cast: Blink             |       |     2 |     7 |    17 |    35 ||    61
       Teleport Other    |       |       |       |     9 |       ||     9
Invok: Call Merchant     |       |       |       |     1 |       ||     1
Evoke: Wand              |       |       |       |    24 |    28 ||    52
  Use: Scroll            |     3 |     5 |     6 |     9 |     3 ||    26
       Potion            |       |       |       |     2 |     4 ||     6
 Stab: Sleeping          |       |     2 |     1 |     2 |     2 ||     7
       Distracted        |       |     2 |     2 |     5 |     8 ||    17
       Paralysed         |       |       |       |     9 |       ||     9
  Eat: Chunk             |     5 |     2 |       |       |       ||     7
       Ration            |       |     3 |     9 |    17 |    22 ||    51
Armor: Leather armour    |    39 |    36 |    92 |   124 |   187 ||   478
Dodge: Dodged            |    93 |   130 |   389 |   562 |  1033 ||  2207
       Deflected         |       |       |       |     7 |    12 ||    19
Block: Shield            |       |       |     9 |   738 |  1552 ||  2299
       Reflection        |       |       |       |     6 |    28 ||    34

Table legend:
 A = Non-vault XP
 B = Vault XP
 C = Vault XP percentage of total XP
 D = Non-vault monster count
 E = Vault monster count
 F = Vault count percentage of total count
                 A         B        C        D         E       F
            +---------+---------+-------+---------+---------+-------
      Total |   76766 |   25632 |  25.0 |     552 |     161 |  22.6
            +---------+---------+-------+---------+---------+-------
        D:1 |      36 |       0 |   0.0 |      20 |       0 |   0.0
        D:2 |      62 |      14 |  18.4 |      19 |       6 |  24.0
        D:3 |     174 |     267 |  60.5 |      23 |      13 |  36.1
        D:4 |     177 |       0 |   0.0 |      12 |       0 |   0.0
        D:5 |     202 |       0 |   0.0 |       6 |       0 |   0.0
        D:6 |     989 |     226 |  18.6 |      25 |       3 |  10.7
        D:7 |    1198 |       0 |   0.0 |      22 |       0 |   0.0
        D:8 |    1800 |       0 |   0.0 |      38 |       0 |   0.0
        D:9 |    2765 |     663 |  19.3 |      38 |       1 |   2.6
       D:10 |    6226 |      90 |   1.4 |      57 |       1 |   1.7
       D:11 |    5270 |     360 |   6.4 |      33 |      10 |  23.3
       D:12 |   12898 |    1040 |   7.5 |      61 |      11 |  15.3
     Lair:1 |    8739 |    1679 |  16.1 |      39 |       4 |   9.3
     Lair:2 |    3932 |    3539 |  47.4 |      15 |       4 |  21.1
     Lair:3 |    6255 |       0 |   0.0 |      24 |       0 |   0.0
     Lair:4 |    4871 |    1876 |  27.8 |      21 |       7 |  25.0
     Lair:5 |   10319 |    1652 |  13.8 |      35 |       8 |  18.6
     Lair:6 |    5120 |   12259 |  70.5 |      17 |      67 |  79.8
      Orc:1 |    2549 |       0 |   0.0 |       9 |       0 |   0.0
      Orc:2 |    3184 |    1767 |  35.7 |      38 |      16 |  29.6
    Ossuary |       0 |     200 | 100.0 |       0 |      10 | 100.0
            +---------+---------+-------+---------+---------+-------
